 Dungeon Crawl Stone Soup version 0.21.1-1-g345015fe64 (webtiles) character file.

121 Ethylacetat the Skirmisher (level 4, -1/37 HPs)
             Began as a Demonspawn Fighter on July 7, 2018.
             Slain by an ogre
             ... wielding a cursed -1 giant club
              (20 damage)
             ... on level 2 of the Dungeon.
             The game lasted 00:06:07 (1548 turns).

Ethylacetat the Skirmisher (Demonspawn Fighter)     Turns: 1548, Time: 00:06:07

Health: -1/37      AC: 12    Str: 17    XL:     4   Next: 76%
Magic:  4/4        EV:  4    Int: 10    God:
Gold:   89         SH:  0    Dex: 12    Spells: 3/3 levels left

rFire    . . .     SeeInvis +   a - +0 war axe
rCold    . . .     Gourm    .   (no shield)
rNeg     . . .     Faith    .   j - +0 plate armour
rPois    .         Spirit   .   (helmet restricted)
rElec    .         Reflect  .   (no cloak)
rCorr    .         Harm     .   (no gloves)
MR       .....                  (no boots)
Stlth    ..........             (no amulet)
HPRegen  0.12/turn              e - ring of see invisible
MPRegen  0.09/turn              (no ring)

@: no status effects
A: antennae 1, molten scales 1
a: no special abilities


You were on level 2 of the Dungeon.
You were not hungry.

You visited 1 branch of the dungeon, and saw 2 of its levels.

You collected 89 gold pieces.

Inventory:

Hand Weapons
 a - a +0 war axe (weapon)
Armour
 j - a +0 plate armour (worn)
Jewellery
 e - a ring of see invisible (left hand)
Scrolls
 i - 4 scrolls of identify {unknown}
 k - a scroll of remove curse
Potions
 b - a potion of lignification {unknown}
 d - a potion of might
 g - a potion of brilliance {unknown}
 h - a potion of haste
Comestibles
 c - 6 chunks of flesh
 f - 4 rations


   Skills:
 + Level 4.0(2.0) Fighting
 * Level 3.9(1.9) Axes
 - Level 2.6(1.3) Armour
   Level 2.6(1.3) Shields


You had 3 spell levels left.
You didn't know any spells.

Dungeon Overview and Level Annotations

Branches:
Dungeon (2/15)

Altars:
Ashenzari
Elyvilon
Sif Muna
The Shining One


Innate Abilities, Weirdness & Mutations

You have a pair of small antennae on your head.
You are partially covered in molten scales. (AC +2)


Message History

No target in view!
No target in view!
No target in view!
No target in view!
No target in view!
You see here a kobold corpse.
Found 16 stones.
No target in view!
You open the door.
There is an open door here.
An ogre comes into view. It is wielding a giant club.
The ogre completely misses you.
You hit the ogre.
The ogre is lightly wounded.
The ogre hits you with a giant club!
You barely miss the ogre.
The ogre is lightly wounded.
The ogre hits you with a giant club!!
Ouch! That really hurt!
You die...

#.# #.........
#.#####...###.##
#.............#
####.#.####### ####
#.#......###
....########....###.##.
#........####.###.##.
#..O.....# #.#......
#...@....# #.#+#.#..
#........# #........
#........####........
#...........'.......#
#############......#.
....(..............#
#######.#.#.........
#.......#.#.........
#.###...#.#.........


You could see an ogre.

Vanquished Creatures
  Jessica (D:2)
  4 adders (D:2)
  An ooze (D:2)
  A worm (D:2)
  A dart slug (D:2)
  A leopard gecko (D:1)
  2 giant cockroaches
  8 hobgoblins
  6 jackals
  2 quokkas (D:2)
  8 bats (D:1)
  3 frilled lizards
  2 goblins (D:1)
  4 kobolds
  2 rats
46 creatures vanquished.

Vanquished Creatures (others)
  A rat (D:2)
1 creature vanquished.

Grand Total: 47 creatures vanquished

Notes
Turn   | Place    | Note
-------+----------+-------------------------------------------
     0 | D:1      | Ethylacetat the Demonspawn Fighter began the quest for the Orb.
     0 | D:1      | Reached XP level 1. HP: 18/18 MP: 1/1
   111 | D:1      | Gained mutation: You have a pair of small antennae on your head. [demonic ancestry]
   111 | D:1      | Reached XP level 2. HP: 24/24 MP: 2/2
   781 | D:2      | Gained mutation: You are partially covered in molten scales. (AC +2) [demonic ancestry]
   781 | D:2      | Reached XP level 3. HP: 17/29 MP: 3/3
   944 | D:2      | Noticed Jessica
   952 | D:2      | Killed Jessica
   965 | D:2      | Reached XP level 4. HP: 37/37 MP: 4/4
  1072 | D:2      | Found a white marble altar of Elyvilon.
  1129 | D:2      | Found a faded altar of an unknown god.
  1150 | D:2      | Became a worshipper of Ashenzari the Shackled
  1150 | D:2      | Reached * piety under Ashenzari
  1160 | D:2      | Fell from the grace of Ashenzari
  1313 | D:2      | Found a deep blue altar of Sif Muna.
  1439 | D:2      | Found a glowing golden altar of the Shining One.
  1443 | D:2      | Reached skill level 4 in Fighting
  1543 | D:2      | Noticed an ogre
  1548 | D:2      | Slain by an ogre

Skill      XL: |  1  2  3  4 |
---------------+-------------+-----
Axes           | 2 3 |  3.9
Fighting       | 4 |  4.0
Armour         | |  2.6
Shields        | |  2.6

Action                   |  1- 3 |  4- 6 || total
-------------------------+-------+-------++-------
Melee: War axe           |    81 |    59 ||   140
Invok: Renounce Religion |       |     1 ||     1
  Eat: Chunk             |       |     2 ||     2
Armor: Scale mail        |    34 |       ||    34
       Plate armour      |    77 |    56 ||   133
Dodge: Dodged            |    40 |    19 ||    59
